 Dungeon Crawl Stone Soup version 0.17-a0-2127-g1cb09f6 (webtiles) character file.

2479 Maka the Basher (level 9, -3/81 HPs)
             Began as a Deep Dwarf Fighter on Oct 22, 2015.
             Slain by an ogre
             ... wielding a +0 giant club
              (18 damage)
             ... on level 7 of the Dungeon.
             The game lasted 00:14:44 (5533 turns).

Maka the Basher (Deep Dwarf Fighter)                Turns: 5533, Time: 00:14:44

Health: -3/81      AC:  7    Str: 22    XL:     9   Next: 27%
Magic:  7/7        EV:  7    Int: 10    God:
Gold:   517        SH: 10    Dex: 12    Spells: 0 memorised, 8 levels left

rFire  + . .     SeeInvis .     a - +0 flail
rCold  . . .     Clarity  .     b - +0 scale mail
rNeg   . . .     SustAt   .     c - +0 shield
rPois  .         Gourm    .     (no helmet)
rElec  .         Spirit   .     (no cloak)
rCorr  .         Warding  .     (no gloves)
rMut   +         Stasis   .     (no boots)
MR     +....                    u - amulet of resist mutation
Stlth  ..........               (no ring)
                                k - ring of protection from fire

@: non-regenerating, somewhat resistant to hostile enchantments, extremely
unstealthy
A: damage resistance, recharge devices, sense surroundings 2, slow regeneration
3
a: Device Recharging


You were on level 7 of the Dungeon.
You were not hungry.

You visited 2 branches of the dungeon, and saw 8 of its levels.

You collected 517 gold pieces.

Inventory:

Hand Weapons
 a - a +0 flail (weapon)
Missiles
 g - 4 javelins (quivered)
Armour
 b - a +0 scale mail (worn)
 c - a +0 shield (worn)
 h - a gold dragon hide
Jewellery
 k - a ring of protection from fire (left hand)
 t - an uncursed ring of ice
 u - an amulet of resist mutation (around neck)
Wands
 d - a wand of fire (9)
 l - a wand of frost (15)
 q - a wand of cold (0)
 r - a wand of draining (3)
 y - a wand of disintegration (7)
 Z - a wand of heal wounds (2)
Scrolls
 m - 2 scrolls of teleportation
 o - 2 scrolls of recharging
 v - 2 scrolls of remove curse
Potions
 e - a potion of cancellation
 i - 3 potions of curing
 j - 5 potions of heal wounds
 n - a potion of degeneration {unknown}
 p - 3 potions of lignification
 w - a potion of cure mutation {unknown}
 x - a potion of agility {unknown}
 z - a potion of brilliance {unknown}
Comestibles
 f - 4 bread rations
 s - 2 meat rations
 A - a slice of pizza


   Skills:
 - Level 5.0 Fighting
 + Level 10.5 Maces & Flails
 - Level 5.0 Armour
 - Level 5.4 Shields


You had 8 spell levels left.
You didn't know any spells.

Dungeon Overview and Level Annotations

Branches:
Dungeon (7/15)             Temple (1/1) D:5

Altars:
Dithmenos
Elyvilon
Fedhas
Gozag
Kikubaaqudgha
Okawaru
Qazlal
Ru
Sif Muna
Trog
Vehumet
Yredelemnul
Zin
The Shining One


Innate Abilities, Weirdness & Mutations

You are resistant to damage.
You can recharge devices by infusing magical energy.
You passively map the area around you.
You do not regenerate naturally.


Message History

Throwing (i - inventory):
g - 5 javelins (quivered)
Press: ? - help, Shift-Dir - straight line, f - ogre
Aim: an ogre, wielding a giant club You throw a javelin.
The javelin barely misses the ogre.
You thump the ogre!
The ogre is heavily wounded.
The ogre hits you with a giant club!!
* * * LOW HITPOINT WARNING * * *
You hit the ogre.
The ogre is severely wounded.
The ogre hits you with a giant club!
* * * LOW HITPOINT WARNING * * *
You hit the ogre.
The ogre is almost dead.
Evoke which item? (* to show all) (? for menu, Esc to quit)
Zapping:
Z - a wand of heal wounds (3)
Press: ? - help, Shift-Dir - straight line, f - you, p - ogre You feel much better.
This wand has 2 charges left.
The ogre hits you with a giant club!!
You die...

* ,.....#.#.#...#.# ,
, , ###.##.#[##..#.# *
* ** ### ...
#.#.....#.. ###.#, ,##
#.###...... #...#
#...... #.#.# * *
,#...### #.#.# ,,
#...# # #.#.###### *
** #...### #.#.#.@..#
, , #......
#.#.#.#O##**, *#..####
#.#.#.#.(.,, ,* #....#
#.#.#.###########.##.#
#.#...#..).).)....##.#
#.#####.############.#
#............#.......#
#######.#..#.#.#######
#.#..#.#.#


You could see an ogre.

Vanquished Creatures
  Pikel (D:5)
  The ghost of DgreyI the Sneak, a novice OpFi (D:5)
  The ghost of Gargoyl the Skirmisher, an amateur DsAK of Lugonu (D:4)
  Eustachio (D:6)
  4 slaves (D:5)
  An orc warrior (D:7)
  4 ogres
  2 giant frogs
  2 scorpions
  3 giant frog zombies (D:6)
  An orc priest (D:6)
  2 jellies (D:5)
  3 crimson imps
  5 worker ants
  A gnoll shaman (D:4)
  An iguana (D:5)
  2 orc wizards
  4 gnolls
  8 adders
  A shadow imp (D:6)
  3 oozes
  An adder zombie (D:6)
  2 worms
  3 giant geckos
  14 orcs
  A giant cockroach (D:3)
  9 hobgoblins
  10 jackals
  6 kobolds
  A ball python (D:5)
  A ball python skeleton (D:5)
  7 bats
  7 giant newts
  13 goblins
  6 quokkas
  A quokka skeleton (D:5)
  A quokka zombie (D:5)
  8 rats
142 creatures vanquished.

Notes
Turn   | Place    | Note
--------------------------------------------------------------
     0 | D:1      | Maka the Deep Dwarf Fighter began the quest for the Orb.
     0 | D:1      | Reached XP level 1. HP: 20/20 MP: 1/1
   126 | D:1      | Reached XP level 2. HP: 25/27 MP: 2/2
   666 | D:1      | Reached XP level 3. HP: 26/33 MP: 3/3
   800 | D:2      | Reached skill level 4 in Maces & Flails
   966 | D:2      | Reached XP level 4. HP: 21/40 MP: 4/4
  1131 | D:2      | Found a basalt altar of Yredelemnul.
  1160 | D:2      | Found a faded altar to an unknown god.
  1571 | D:3      | Reached skill level 5 in Maces & Flails
  2553 | D:3      | Reached XP level 5. HP: 24/46 MP: 5/5
  2912 | D:4      | Found a stormy altar of Qazlal.
  3074 | D:4      | Reached skill level 6 in Maces & Flails
  3086 | D:4      | Noticed Gargoyl's ghost (amateur DsAK)
  3145 | D:4      | Killed Gargoyl's ghost
  3145 | D:4      | Reached XP level 6. HP: 21/55 MP: 6/6
  3273 | D:5      | Entered Level 5 of the Dungeon
  3275 | D:5      | Noticed DgreyI's ghost (novice OpFi)
  3372 | D:4      | Reached XP level 7. HP: 25/61 MP: 7/7
  3383 | D:4      | Reached skill level 5 in Armour
  3442 | D:5      | Reached skill level 5 in Shields
  3454 | D:5      | Found a staircase to the Ecumenical Temple.
  3468 | Temple   | Entered the Ecumenical Temple
  3697 | D:5      | Reached skill level 7 in Maces & Flails
  3851 | D:5      | Killed DgreyI's ghost
  3851 | D:5      | Reached XP level 8. HP: 44/73 MP: 2/7
  3920 | D:5      | Noticed Pikel
  3950 | D:5      | Killed Pikel
  3950 | D:5      | Reached skill level 9 in Maces & Flails
  4380 | D:6      | Noticed Eustachio
  4394 | D:6      | Killed Eustachio
  4746 | D:5      | Reached skill level 10 in Maces & Flails
  4746 | D:5      | Gained mutation: You passively map the area around you. [Deep Dwarf growth]
  4746 | D:5      | Reached XP level 9. HP: 25/79 MP: 8/8
  4783 | D:6      | Reached skill level 5 in Fighting
  5531 | D:7      | HP: 1/81 [ogre/giant club (10)]
  5533 | D:7      | Slain by an ogre

Vault maps used:
D:1:      scummos_arrival_gate
D:2:      ecumenical_altar_1, grunt_ministairs_10, yredelemnul_altar_generic
D:3:      kennysheep_small_spiral, corexii_item_surrounded_by_moat
D:4:      grunt_qazlal_clouds, first_bread
D:5:      minmay_temple_entry_grid, uniq_pikel
D:6:      kennysheep_big_flooded_room, uniq_eustachio
D:7:      uniq_joseph
Temple:   circular_temple_12

Action                   |  1- 3 |  4- 6 |  7- 9 || total
-------------------------+-------+-------+-------++-------
Melee: Flail             |   115 |   218 |   314 ||   647
Throw: Javelin           |       |       |     2 ||     2
 Abil: Device Recharging |       |       |     2 ||     2
Evoke: Wand              |       |     4 |    16 ||    20
  Use: Scroll            |     5 |     8 |     3 ||    16
       Potion            |       |     1 |     2 ||     3
 Stab: Invisible         |       |       |     3 ||     3
  Eat: Chunk             |       |     7 |     7 ||    14
       Royal jelly       |       |     1 |       ||     1
